 Dungeon Crawl Stone Soup version 0.24.0-123-gd5b16e6ec5 (webtiles) character file.

Game seed: 17478883125999138498, levelgen mode: deterministic

14 Lemonice the Grasshopper (level 2, -1/23 HPs)
             Began as a Gnoll Wanderer on Feb 9, 2020.
             Slain by a centaur zombie (3 damage)
             ... on level 2 of the Dungeon.
             The game lasted 00:01:35 (771 turns).

Lemonice the Grasshopper (Gnoll Wanderer)            Turns: 771, Time: 00:01:36

Health: -1/23      AC:  2    Str: 14    XL:     2   Next: 45%
Magic:  5/5        EV: 11    Int: 17    God:
Gold:   24         SH:  0    Dex: 11    Spells: 6/6 levels left

rFire    . . .     SeeInvis .   a - +2 mace
rCold    . . .     Gourm    .   (no shield)
rNeg     . . .     Faith    .   c - +0 robe
rPois    .         Spirit   .   (no helmet)
rElec    .         Reflect  .   (no cloak)
rCorr    .         Harm     .   (no gloves)
MR       .....                  (no boots)
Stlth    ++........             (no amulet)
HPRegen  0.07/turn              (no ring)
MPRegen  0.09/turn              (no ring)

@: no status effects
A: distributed training, fangs 1, strong nose
a: no special abilities


You were on level 2 of the Dungeon.
You were not hungry.

You visited 1 branch of the dungeon, and saw 2 of its levels.

You collected 24 gold pieces.

Inventory:

Hand Weapons
 a - a +2 mace (weapon)
Armour
 c - a +0 robe (worn)
Jewellery
 h - an uncursed ring of protection from magic {unknown}
Scrolls
 e - 2 scrolls of identify {unknown}
 g - a scroll of fog {unknown}
 i - a scroll of immolation {unknown}
Potions
 b - 2 potions of curing
 f - a potion of berserk rage {unknown}
Comestibles
 d - a ration


   Skills:
 + Level 2.5 Fighting
 + Level 0.4 Short Blades
 + Level 0.4 Long Blades
 + Level 0.4 Axes
 + Level 2.5 Maces & Flails
 + Level 0.4 Polearms
 + Level 0.4 Staves
 + Level 0.4 Slings
 + Level 0.4 Bows
 + Level 0.4 Crossbows
 + Level 0.4 Throwing
 + Level 2.5 Armour
 + Level 0.4 Dodging
 + Level 2.2 Stealth
 + Level 0.4 Shields
 + Level 0.4 Unarmed Combat
 + Level 2.7 Spellcasting
 + Level 0.2 Conjurations
 + Level 0.2 Hexes
 + Level 3.7 Charms
 + Level 0.2 Summonings
 + Level 0.2 Necromancy
 + Level 3.7 Translocations
 + Level 0.2 Transmutations
 + Level 0.2 Fire Magic
 + Level 0.2 Ice Magic
 + Level 0.2 Air Magic
 + Level 0.2 Earth Magic
 + Level 0.2 Poison Magic
 + Level 0.5 Invocations
 + Level 2.5 Evocations


You had 6 spell levels left.
You didn't know any spells.
Your spell library was empty.

Dungeon Overview and Level Annotations

Branches:
Dungeon (2/15)

Altars:
Nemelex Xobeh


Innate Abilities, Weirdness & Mutations

Your experience applies equally to all skills.
You have very sharp teeth.
Your uncanny sense of smell can sniff out nearby items.


Message History

You are too injured to fight recklessly!
You are too injured to fight recklessly!
You are too injured to fight recklessly!
You are too injured to fight recklessly!
You hit the centaur zombie.
The centaur zombie is heavily damaged.
The centaur zombie closely misses you. x2
You hit the centaur zombie.
The centaur zombie is heavily damaged.
The centaur zombie closely misses you.
You barely miss the centaur zombie.
The centaur zombie is heavily damaged.
The centaur zombie hits you.
* * * LOW HITPOINT WARNING * * *
The centaur zombie hits you.
* * * LOW HITPOINT WARNING * * *
You hit the centaur zombie but do no damage.
The centaur zombie is heavily damaged.
The centaur zombie closely misses you. The centaur zombie hits you.
You die...

#+########### ............#
............+
......K.....#################
.....r.Z....................†
###+#..###+#K################
##. #Z# #............. #.
#@###.#######..... ##
#.#.........#.....
#.#.#.#.....#####.
#<..#[+.....# #.
#.#####....## #. #.....+....#
## #..####...## #..# #..## ∆
#..# #..#


You could see a centaur zombie and a kobold.

Vanquished Creatures
  A worm (D:2)
  A leopard gecko (D:2)
  A bat (D:1)
  A goblin (D:1)
  A hobgoblin (D:1)
  2 kobolds (D:1)
  A frilled lizard (D:1)
  2 rats (D:1)
10 creatures vanquished.

Notes
Turn   | Place    | Note
-------+----------+-------------------------------------------
     0 | D:1      | Lemonice the Gnoll Wanderer began the quest for the Orb.
     0 | D:1      | Lemonice set off with the following items: a +2 mace, a
                  | potion of curing, a +0 robe, a ration
     0 | D:1      | Reached XP level 1. HP: 17/17 MP: 4/4
   424 | D:1      | Reached XP level 2. HP: 23/23 MP: 5/5
   523 | D:1      | Found a sparkling altar of Nemelex Xobeh.
   771 | D:2      | Slain by a centaur zombie

Levels and vault maps discovered:
D:1:      dpeg_arrival_rhombus, layout_basic, nemelex_altar_shiori
D:2:      layout_basic, marbit_many_paths, uniq_natasha

Action                   || total
-------------------------++-------
Melee: Mace              ||    39
       Bite              ||     2
 Stab: Sleeping          ||     1
Armor: Robe              ||     3
Dodge: Dodged            ||    31
